 Dungeon Crawl Stone Soup version 0.30-a0-170-g85af917532 (webtiles) character file.

Game seed: 5490783005801697978

2452 qw the Blocker (level 9, -2/54 HPs)
             Began as a Gargoyle Fighter on Sept 30, 2022.
             Was an Initiate of Okawaru.
             Killed by nerve-wracking pain
             ... invoked by an orc priest
              (5 damage)
             ... on level 7 of the Dungeon.
             The game lasted 00:02:28 (8930 turns).

qw the Blocker (Gargoyle Fighter)                   Turns: 8930, Time: 00:02:28

Health: -2/54      AC: 22    Str: 24    XL:     9   Next: 50%
Magic:  9/9        EV:  5    Int:  9    God:    Okawaru [......]
Gold:   393        SH: 15    Dex:  9    Spells: 8/8 levels left

rFire   . . .      SeeInvis .    Y - +1 war axe (protect)
rCold   . . .      Faith    .    j - +0 tower shield
rNeg    + . .      Spirit   .    i - +0 chain mail
rPois   inf        Reflect  .    (no helmet)
rElec   +          Harm     .    (no cloak)
rCorr   .          Rampage  .    (no gloves)
Will    .....                    (no boots)
Stlth   ..........               (no amulet)
HPRegen 0.18/turn                (no ring)
MPRegen 0.11/turn                (no ring)

@: under a protective aura
A: sickness immunity, AC +6, negative energy resistance 1, electricity
resistance, torment resistance 1, petrification resistance
a: Renounce Religion


You were on level 7 of the Dungeon.
You worshipped Okawaru.
Okawaru was noncommittal.
You visited 1 branch of the dungeon, and saw 7 of its levels.

You collected 442 gold pieces.
You spent 49 gold pieces at shops.


Innate Abilities, Weirdness & Mutations

You are immune to sickness and miasma.
Your stone body is resilient. (AC +6)
You are immune to poison.
You resist negative energy. (rN+)
You are resistant to electric shocks. (rElec)
You are resistant to unholy torment.
You are immune to petrification.


   Skills:
 - Level 5.0 Fighting
 - Level 7.0 Axes
 - Level 2.3 Throwing
 - Level 3.2 Armour
 - Level 1.1 Dodging
 + Level 10.2 Shields


You had 8 spell levels left.
You didn't know any spells.
Your spell library was empty.

Inventory:

Hand Weapons
 a - a +2 mace of protection
 Y - a +1 war axe of protection (weapon)
Missiles
 o - a javelin (quivered)
Armour
 i - a +0 chain mail (worn)
 j - a +0 tower shield (worn)
Jewellery
 b - a ring of protection from cold
Scrolls
 c - a scroll of immolation {unknown}
 f - a scroll of identify
 n - a scroll of enchant armour
Potions
 d - 2 potions of might
 e - 5 potions of curing
 h - a potion of lignification {unknown}
 k - 2 potions of attraction
 l - 2 potions of resistance {unknown}
 m - a potion of haste

Dungeon Overview and Level Annotations

Branches:
Dungeon (7/15)
 Temple: D:4-7

Altars:
Dithmenos
Elyvilon
Gozag
Hepliaklqana
Okawaru
Ru
Vehumet
Xom
Yredelemnul

Shops:
D:4 *


Message History

The ball of steam hits you but does no damage.
The steam dragon bites you but does no damage.
The steam dragon barely misses you.
You hear a shout! x2
You closely miss the steam dragon.
The steam dragon is moderately wounded.
You are engulfed in a cloud of scalding steam.
The steam dragon bites you but does no damage.
The steam dragon claws you but does no damage.
You hit the steam dragon.
Your weapon exudes an aura of protection.
The steam dragon is heavily wounded.
You are engulfed in a cloud of scalding steam.
You block the steam dragon's attack.
The steam dragon claws you but does no damage.
You block the steam dragon's attack.
The steam dragon claws you but does no damage.
You hit the steam dragon but do no damage.
The steam dragon is heavily wounded.
You are engulfed in a cloud of scalding steam.
The steam dragon bites you.
The steam dragon claws you but does no damage.
You slash the steam dragon!
The steam dragon is severely wounded.
The steam dragon completely misses you. You block the steam dragon's attack.
You hit the steam dragon but do no damage.
The steam dragon is severely wounded.
You block the steam dragon's attack.
The steam dragon claws you but does no damage.
You block the steam dragon's attack. x2
You barely miss the steam dragon.
The steam dragon is severely wounded.
You block the steam dragon's attack. x2
You barely miss the steam dragon.
The steam dragon is severely wounded.
The orc priest shouts!
You block the steam dragon's attack. x2
The orc priest mumbles some strange prayers to Beogh against you.
Pain shoots through your body!
You die...

## #.)##...# ....
...#####......### ...
.......)........###..
## .............#..##.#
<
.#o..............#.####
#...............#.#...
#..............)......
#...........#####.#.#.
#....@......# #...#.
#...D.......# ######.
#...........# #......
#...........# #.#####
#.............
##########.... .... (.


You could see a steam dragon and an orc priest.

Vanquished Creatures
  Sigmund (D:3)
  Eustachio (D:5)
  A vampire mosquito (D:7)
  Menkaure (D:5)
  2 water moccasins
  Duvessa (D:5)
  2 ice beasts
  2 ogres
  A centaur (D:6)
  5 bullfrogs
  2 scorpions
  Dowan (D:5)
  2 howler monkeys
  A hound (D:5)
  2 orc priests
  A jelly (D:7)
  7 iguanas
  4 orc wizards
  A gnoll (D:6)
  7 adders
  A white imp (D:5)
  2 ufetubi
  2 worms
  A dart slug (D:3)
  22 orcs
  3 endoplasms
  4 giant cockroaches
  5 goblins
  5 hobgoblins
  6 jackals
  8 kobolds
  4 quokkas
  6 ball pythons
  9 bats
  4 frilled lizards
  7 rats
  A spectral orc (D:5)
135 creatures vanquished.

Notes
Turn   | Place    | Note
-------+----------+-------------------------------------------
     0 | D:1      | qw the Gargoyle Fighter began the quest for the Orb.
     0 | D:1      | Reached XP level 1. HP: 14/14 MP: 1/1
     0 | D:1      | 0 ||| qw: Version: 0.2-a-12-gaebbb33
     0 | D:1      | 0 ||| qw: Game counter: 1437
     0 | D:1      | 0 ||| qw: Always use a shield: true
     0 | D:1      | 0 ||| qw: God list: Okawaru
     0 | D:1      | 0 ||| qw: Allow faded altars: false
     0 | D:1      | 0 ||| qw: Do Orc after D:15 true
     0 | D:1      | 0 ||| qw: Do second Lair branch before Depths: true
     0 | D:1      | 0 ||| qw: Lair rune preference: random
     0 | D:1      | 0 ||| qw: Plans: Normal, Zot:1-4, God:TSO, Crypt, Tomb,
                  | Pan, Slime:5, Hells, Abyss, Orb
     0 | D:1      | 0 ||| PLANNING D:1-11
   231 | D:1      | Reached XP level 2. HP: 19/19 MP: 2/2
   300 | D:1      | Found a faded altar of an unknown god.
   818 | D:1      | Reached skill level 3 in Axes
   930 | D:1      | 930 ||| DROPPING +0 club.
  1186 | D:1      | 1186 ||| DROPPING +6 ring of intelligence.
  1187 | D:1      | 1187 ||| READING scroll labelled PEFFENWAFE.
  1188 | D:1      | 1188 ||| READING scroll labelled POUNWU IPOASM.
  1189 | D:1      | 1189 ||| READING scroll labelled MIME UTAENU.
  1224 | D:2      | Reached XP level 3. HP: 23/23 MP: 3/3
  2118 | D:2      | 2118 ||| READING scroll labelled VURAUTEUBI.
  2119 | D:2      | 2119 ||| READING scroll labelled ETUHAF KIWOCK.
  2120 | D:2      | 2120 ||| READING scroll labelled QUSKIN ROAHE.
  2121 | D:2      | 2121 ||| READING 2 scrolls of identify.
  2121 | D:2      | 2121 ||| IDENTIFYING glowing emerald potion
  2184 | D:3      | Noticed Sigmund
  2187 | D:3      | Noticed a water moccasin
  2193 | D:3      | Killed Sigmund
  2194 | D:3      | Reached XP level 4. HP: 13/28 MP: 4/4
  2194 | D:3      | Reached XP level 5. HP: 14/32 MP: 5/5
  2195 | D:3      | Killed a water moccasin
  2196 | D:3      | Reached XP level 6. HP: 13/39 MP: 6/6
  2410 | D:3      | 2410 ||| FLEEEEING.
  2411 | D:3      | 2411 ||| FLEEEEING.
  2412 | D:3      | 2412 ||| FLEEEEING.
  2413 | D:3      | 2413 ||| STAIRDANCE
  2443 | D:3      | 2443 ||| DROPPING +0 whip.
  2564 | D:3      | 2564 ||| Stepping ~*~*~tactically~*~*~ (hiding).
  2566 | D:3      | 2566 ||| Stepping ~*~*~tactically~*~*~ (hiding).
  2720 | D:3      | 2720 ||| Stepping ~*~*~tactically~*~*~ (stealth).
  2722 | D:3      | 2722 ||| Stepping ~*~*~tactically~*~*~ (stealth).
  2878 | D:3      | Found a sacrificial altar of Ru.
  2879 | D:3      | 2879 ||| Stepping ~*~*~tactically~*~*~ (hiding).
  2892 | D:3      | Reached skill level 1 in Dodging
  3171 | D:3      | Found a shadowy altar of Dithmenos.
  3176 | D:3      | Found an opulent altar of Gozag.
  3383 | D:3      | 3383 ||| UPGRADING to +0 chain mail.
  3393 | D:3      | 3393 ||| DROPPING +0 scale mail.
  3394 | D:3      | 3394 ||| READING scroll labelled KISTRA HEUWIYMENG.
  3395 | D:3      | 3395 ||| DRINKING 2 golden potions.
  3396 | D:3      | 3396 ||| READING 2 scrolls of identify.
  3396 | D:3      | 3396 ||| IDENTIFYING bubbling green potion
  3397 | D:3      | 3397 ||| DROPPING potion of flight.
  3487 | D:4      | Reached skill level 6 in Axes
  3487 | D:4      | Reached XP level 7. HP: 35/44 MP: 7/7
  3744 | D:4      | 3744 ||| Stepping ~*~*~tactically~*~*~ (hiding).
  3745 | D:4      | 3745 ||| Stepping ~*~*~tactically~*~*~ (hiding).
  3759 | D:4      | 3759 ||| Stepping ~*~*~tactically~*~*~ (stealth).
  3760 | D:4      | 3760 ||| Stepping ~*~*~tactically~*~*~ (stealth).
  3761 | D:4      | 3761 ||| Stepping ~*~*~tactically~*~*~ (stealth).
  3773 | D:4      | 3773 ||| Stepping ~*~*~tactically~*~*~ (stealth).
  3777 | D:4      | 3777 ||| FLEEEEING.
  3797 | D:4      | 3797 ||| FLEEEEING.
  3798 | D:4      | 3798 ||| FLEEEEING.
  3799 | D:4      | 3799 ||| FLEEEEING.
  3825 | D:4      | 3825 ||| FLEEEEING.
  3859 | D:4      | 3859 ||| FLEEEEING.
  3867 | D:4      | 3867 ||| STAIRDANCE
  3924 | D:3      | 3924 ||| READING 2 scrolls of identify.
  3924 | D:3      | 3924 ||| IDENTIFYING brown potion
  3953 | D:4      | 3953 ||| Stepping ~*~*~tactically~*~*~ (stealth).
  3957 | D:4      | 3957 ||| FLEEEEING.
  3958 | D:4      | 3958 ||| FLEEEEING.
  3959 | D:4      | 3959 ||| FLEEEEING.
  3960 | D:4      | 3960 ||| FLEEEEING.
  3962 | D:4      | 3962 ||| FLEEEEING.
  3963 | D:4      | 3963 ||| FLEEEEING.
  3964 | D:4      | 3964 ||| FLEEEEING.
  3965 | D:4      | 3965 ||| FLEEEEING.
  3966 | D:4      | 3966 ||| FLEEEEING.
  3967 | D:4      | 3967 ||| FLEEEEING.
  3968 | D:4      | 3968 ||| FLEEEEING.
  3969 | D:4      | 3969 ||| STAIRDANCE
  4063 | D:4      | 4063 ||| Stepping ~*~*~tactically~*~*~ (stealth).
  4064 | D:4      | 4064 ||| Stepping ~*~*~tactically~*~*~ (stealth).
  4065 | D:4      | 4065 ||| Stepping ~*~*~tactically~*~*~ (stealth).
  4066 | D:4      | 4066 ||| Stepping ~*~*~tactically~*~*~ (stealth).
  4120 | D:4      | Found Qubaohu's Mass Market.
  4129 | D:4      | 4129 ||| SHOPLISTING +0 plate armour (253 gold, have 181).
  4129 | D:4      | 4129 ||| BUYING +0 tower shield (49 gold).
  4129 | D:4      | Bought a +0 tower shield for 49 gold pieces
  4520 | D:4      | Found a hazy altar of Hepliaklqana.
  4927 | D:4      | 4927 ||| UPGRADING to +0 tower shield.
  4937 | D:4      | 4937 ||| DROPPING +0 buckler.
  4938 | D:4      | 4938 ||| READING 2 scrolls labelled GIBUVI QIDOUR.
  4942 | D:4      | 4942 ||| READING scroll labelled ASOISH XEHE.
  4943 | D:4      | 4943 ||| READING 3 scrolls of identify.
  4943 | D:4      | 4943 ||| IDENTIFYING coppery potion
  4944 | D:4      | 4944 ||| READING 2 scrolls of identify.
  4944 | D:4      | 4944 ||| IDENTIFYING smoky yellow potion
  4945 | D:4      | 4945 ||| DROPPING potion of brilliance.
  4981 | D:5      | Entered Level 5 of the Dungeon
  5075 | D:5      | Reached skill level 4 in Shields
  5087 | D:5      | Noticed Eustachio
  5102 | D:5      | HP: 10/44 [iguana (7)]
  5103 | D:5      | 5103 ||| READING scroll of teleportation.
  5104 | D:5      | 5104 ||| DRINKING potion of heal wounds.
  5106 | D:5      | Killed Eustachio
  5107 | D:5      | Reached skill level 5 in Shields
  5116 | D:5      | Reached skill level 6 in Shields
  5116 | D:5      | Reached XP level 8. HP: 16/48 MP: 8/8
  5334 | D:5      | Found a radiant altar of Vehumet.
  5577 | D:5      | 5577 ||| Stepping ~*~*~tactically~*~*~ (stealth).
  5717 | D:5      | Noticed Menkaure
  5727 | D:5      | HP: 12/48 [Menkaure (8)]
  5728 | D:5      | 5728 ||| READING scroll of teleportation.
  5730 | D:5      | Killed Menkaure
  5731 | D:5      | Reached skill level 7 in Shields
  6023 | D:5      | Found a basalt altar of Yredelemnul.
  6184 | D:5      | 6184 ||| FLEEEEING.
  6356 | D:5      | Noticed Duvessa
  6356 | D:5      | Noticed Dowan
  6366 | D:5      | Killed Duvessa
  6367 | D:5      | Reached skill level 8 in Shields
  6388 | D:5      | Killed Dowan
  7290 | D:5      | 7290 ||| READING scroll labelled AFRUTA EBEUJA.
  7291 | D:5      | 7291 ||| READING scroll labelled TEGGYTAFESCH.
  7292 | D:5      | 7292 ||| READING scroll labelled QUICAZ ROLLU.
  7293 | D:5      | 7293 ||| READING 2 scrolls of identify.
  7293 | D:5      | 7293 ||| IDENTIFYING black potion
  7294 | D:5      | 7294 ||| DROPPING potion of degeneration.
  7372 | D:6      | Reached skill level 9 in Shields
  7457 | D:6      | Reached XP level 9. HP: 52/52 MP: 9/9
  7849 | D:6      | Reached skill level 1 in Throwing
  8088 | D:6      | Found a white marble altar of Elyvilon.
  8088 | D:6      | Found an iron altar of Okawaru.
  8089 | D:6      | 8089 ||| PLANNING OKAWARU WORSHIP
  8089 | D:6      | 8089 ||| READING 3 scrolls labelled REM IGIOQENGAKH.
  8090 | D:6      | 8090 ||| READING 2 scrolls of identify.
  8090 | D:6      | 8090 ||| IDENTIFYING emerald potion
  8091 | D:6      | 8091 ||| DROPPING potion of berserk rage.
  8092 | D:6      | 8092 ||| DROPPING 2 scrolls of amnesia.
  8122 | D:6      | Became a worshipper of Warmaster Okawaru
  8123 | D:6      | 8123 ||| PLANNING D:1-11
  8172 | D:6      | Found a shimmering altar of Xom.
  8292 | D:7      | 8292 ||| Stepping ~*~*~tactically~*~*~ (stealth).
  8296 | D:7      | 8296 ||| Stepping ~*~*~tactically~*~*~ (stealth).
  8302 | D:7      | 8302 ||| Stepping ~*~*~tactically~*~*~ (hiding).
  8303 | D:7      | 8303 ||| Stepping ~*~*~tactically~*~*~ (hiding).
  8304 | D:7      | 8304 ||| Stepping ~*~*~tactically~*~*~ (hiding).
  8305 | D:7      | 8305 ||| Stepping ~*~*~tactically~*~*~ (hiding).
  8310 | D:7      | Reached skill level 10 in Shields
  8425 | D:7      | HP: 10/54 [gnoll bouda/+0 whip of electrocution (8)]
  8426 | D:7      | 8426 ||| READING 2 scrolls of teleportation.
  8444 | D:7      | 8444 ||| Stepping ~*~*~tactically~*~*~ (stealth).
  8446 | D:7      | HP: 13/54 [orc/+0 hand axe (1)]
  8447 | D:7      | 8447 ||| READING scroll of teleportation.
  8449 | D:7      | HP: 4/54 [orc priest/divine providence (8)]
  8731 | D:7      | 8731 ||| Stepping ~*~*~tactically~*~*~ (stealth).
  8921 | D:7      | HP: 10/54 [steam dragon] (11)]
  8922 | D:7      | HP: 3/54 [steam dragon] (7)]
  8930 | D:7      | Killed from afar by an orc priest

Levels and vault maps discovered:
D:1:      nzn_arrival_water_spiral, layout_loops_corners,
          chequers_ecumenical_altar_simple_redux
D:2:      layout_loops_ring, nrook_uturn
D:3:      layout_loops_ring, minitemple, nicolae_ru_great_annihilating_truth,
          wad_floor_pattern_untrapped, uniq_sigmund
D:4:      layout_layer_cave, worldfamousw_hep_ancestral_shrine, minmay_shop_mass
D:5:      layout_basic, yredelemnul_forgotten_temple_becter, vehumet_crystals,
          minmay_misc_feat_pillars, kennysheep_small_square, uniq_menkaure,
          uniq_eustachio, uniq_duvessa
D:6:      layout_loops_ring, tgw_xom, nicolae_overflow_two_pavilions
D:7:      minmay_opposing_rooms, layout_basic, minmay_temple_entry_nine_rooms

Skill      XL: |  1  2  3  4  5  6  7  8  9 |
---------------+----------------------------+-----
Axes           | 2 3 5 6 7 |  7.0
Fighting       | 4 5 |  5.0
Dodging        | 1 |  1.1
Shields        | 6 9 10 | 10.2
Throwing       | 2 |  2.3
Armour         | |  3.2

Action                   |  1- 3 |  4- 6 |  7- 9 || total
-------------------------+-------+-------+-------++-------
Melee: War axe           |   137 |    72 |   281 ||   490
Throw: Boomerang         |       |    30 |    25 ||    55
       Javelin           |       |       |     8 ||     8
  Use: Scroll            |     7 |     2 |    15 ||    24
       Potion            |       |     1 |     1 ||     2
 Stab: Paralysed         |       |     1 |       ||     1
Armor: Scale mail        |    72 |    34 |       ||   106
       Chain mail        |       |     9 |   186 ||   195
Dodge: Dodged            |    63 |    26 |    54 ||   143
Block: Buckler           |    38 |    11 |     9 ||    58
       Tower shield      |       |       |   231 ||   231

Table legend:
 A = Non-vault XP
 B = Vault XP
 C = Vault XP percentage of total XP
 D = Non-vault monster count
 E = Vault monster count
 F = Vault count percentage of total count
                 A         B        C        D         E       F
            +---------+---------+-------+---------+---------+-------
      Total |    1906 |    1597 |  45.6 |     111 |      24 |  17.8
            +---------+---------+-------+---------+---------+-------
        D:1 |      33 |       0 |   0.0 |      23 |       0 |   0.0
        D:2 |      44 |       0 |   0.0 |      17 |       0 |   0.0
        D:3 |     210 |     280 |  57.1 |      20 |       5 |  20.0
        D:4 |     243 |       0 |   0.0 |      15 |       0 |   0.0
        D:5 |     589 |     659 |  52.8 |      16 |       8 |  33.3
        D:6 |     485 |      25 |   4.9 |       7 |       4 |  36.4
        D:7 |     302 |     633 |  67.7 |      13 |       7 |  35.0
            +---------+---------+-------+---------+---------+-------
